dver, chaotic female human Ranger -- .--- -- ...--- .- .....---..* -- ..........- .--..........-- .-- .........)........| ........)........ -............. |......... ----..^...| ---...)..| |......--- ---- |.....<| |)@|------....-- --)h--.-|...--.| --.Gh).%.|.------ |..........| --.....----- ----..| ---- dver the Trailblazer Experience level: 6 Strength: 15 Dexterity: 12 Constitution: 16 Intelligence: 14 Wisdom: 14 Charisma: 8 Health: 0(45) Energy: 27(27) Def: 7 Gold: 437 Moves: 3280 Dungeon seed: aqDl0GMwXQkXkKSm Game ID: dver_1512731114 Your Inventory: Coins $ - 437 gold pieces Weapons a - an uncursed +1 dagger (weapon in hand) b - an uncursed +1 bow (alternate weapon; not wielded) c - 34 blessed +2 arrows (in quiver) d - 36 uncursed +0 arrows i - an uncursed +0 crossbow bolt D - 10 uncursed +0 shuriken J - an uncursed +0 long sword Q - 9 uncursed +0 arrows of detonation R - 11 uncursed +0 darts S - 5 uncursed +0 daggers Armor e - a blessed +2 cloak of displacement (being worn) h - an uncursed +0 pair of iron shoes q - an uncursed +0 orcish helm (being worn) r - an uncursed +0 studded leather armor (being worn) N - an uncursed +0 dwarvish iron helm Y - an uncursed +0 dwarvish cloak Comestibles f - 3 uncursed cram rations I - an uncursed egg Z - an uncursed tin of spinach Scrolls K - an uncursed scroll of earth Potions W - an uncursed potion of healing X - a blessed potion of healing Wands F - an uncursed wand of lightning (0:5) Tools g - an uncursed +0 pick-axe s - an uncursed towel T - an uncursed tinning kit (0:48) U - an uncursed towel Gems n - 2 uncursed worthless pieces of white glass y - a cursed loadstone z - an uncursed worthless piece of blue glass Spells and supernatural/magical abilities: Spells marked with '*' are forgotten. Spells marked with '!' are maintained. Spells marked with '#' are aliased with 'castalias'. Name Level Category Fail Memory W - pray for help -- divine ? -- Your skills at the end: Fighting Skills wands [Basic] Weapon Skills dagger [Basic] bow [Basic] Spellcasting Skills Final Attributes: You had automatic searching. You were displaced. You are dead. Vanquished creatures: a mountain nymph a rock mole a pony 2 gnome lords 2 kobold mummies a black naga hatchling a little dog 3 kittens 3 dwarves a homunculus 2 kobold lords 2 orc zombies a dwarf zombie a wererat 2 iguanas an acid blob 3 coyotes a gas spore a hobbit a giant rat a cave spider a brown mold 2 yellow molds a green mold 11 gnomes 3 garter snakes a gnome zombie 4 geckos 6 jackals a fox a kobold 2 goblins 4 sewer rats 3 grid bugs 7 bats 5 lichens a kobold zombie 4 newts 89 creatures vanquished. Voluntary challenges: You were an atheist. You used a wielded weapon 70 times, starting on turn 171. You read items or engraved 1 time, starting on turn 3259. You never genocided any monsters. You never polymorphed an object. You never changed form. You used no wishes. You never split a pudding. You wrote Elbereth's name 1 time, starting on turn 3259. You never violated your personal moral code. Dungeon overview: The Dungeons of Doom: levels 1 to 7 Level 1 a vault a long staircase Level 2 a scroll shop, a fountain, a vault Level 3 some fountains Level 4 a fountain stairs to The Gnomish Mines Level 5 a fountain, a vault Level 6 many fountains Level 7 The Gnomish Mines: levels 5 to 6 Level 5 stairs to The Dungeons of Doom Level 6 <- You were here History has recorded: On T:1 you entered the Dungeons of Doom to retrieve the Amulet of Yendor! On T:408 you reached level 2 of The Dungeons of Doom. On T:587 you advanced to experience level 2. On T:710 you reached level 3 of The Dungeons of Doom. On T:1050 you reached level 4 of The Dungeons of Doom. On T:1073 you reached level 5 of The Dungeons of Doom. On T:1121 you reached level 6 of The Dungeons of Doom. On T:1154 you advanced to experience level 3. On T:1261 you reached level 7 of The Dungeons of Doom. On T:1331 you advanced to experience level 4. On T:2674 you advanced to experience level 5. On T:2893 you reached level 1 of The Gnomish Mines. On T:3217 you reached level 2 of The Gnomish Mines. On T:3274 you advanced to experience level 6. Score breakdown: Gold: 437 ( 8985 points) Experience: 6 levels (12456 points) Exploration: 7 levels ( 13.73%) (10392 points) Discoveries: 4 items ( 1.32%) ( 3446 points) Valuables value: (no points given unless you survive) Artifact value: 0 ( 0 points) Variety of kills: 38 monsters ( 10.00%) ( 9486 points) Turncount: 3280 turns ( -731 points) Survival: died (score multiplied by 80%) Total score: 35227 Latest messages: You hear some noises in the distance. The dwarf picks up 7 blessed +2 arrows from the floor. The master mind flayer concentrates. A wave of psychic energy locks on to your telepathy! A wave of psychic energy washes around you. It locks on to the pony. Please move the cursor to an unknown object. A dwarf on the floor of a room. You are now wielding your dagger. b - an uncursed +1 bow (alternate weapon; not wielded). You hit the dwarf. The pony drops a dwarf corpse. You hear some noises nearby. The dwarf thrusts his dagger at you. The dwarf hits! You hit the dwarf. The pony picks up a dwarf corpse. The dwarf thrusts his dagger at you. The dwarf hits! You die... For some reason, you think that you can almost hear the Wizard laugh manically... Final status: Goodbye dver the Ranger, killed by a dwarf... You died in The Gnomish Mines on dungeon level 6 with 35227 points, and 437 pieces of gold, after 3280 moves. You were level 6 with a maximum of 45 hit points when you died.